 Dungeon Crawl Stone Soup version 0.29-a0-289-g2178c42546 (webtiles) character file.

Game seed: 5473141267432676539

74574 epen the Covert (level 15, -5/118 HPs)
             Began as a Gnoll Brigand on Mar 17, 2022.
             Was the Champion of Cheibriados.
             Slain by a vault guard
             ... wielding a +0 war axe
              (10 damage)
             ... on level 14 of the Dungeon.
             The game lasted 00:41:44 (24922 turns).

epen the Covert (Gnoll Brigand)                    Turns: 24922, Time: 00:41:45

Health: -5/118     AC: 25    Str: 29    XL:     15   Next: 47%
Magic:  29/29      EV: 24    Int: 31    God:    Cheibriados [******]
Gold:   1185       SH:  0    Dex: 34    Spells: 24/34 levels left

rFire   + . .      SeeInvis .   w - +9 flail of Invincibility {vorpal, Int+5}
rCold   + . .      Faith    .   (no shield)
rNeg    . . .      Spirit   .   G - +4 chain mail {rF+}
rPois   .          Reflect  .   m - +0 helmet
rElec   .          Harm     .   c - +1 cloak
rCorr   +          Rampage  .   y - +0 pair of gloves
Will    +....                   g - +3 pair of boots "Giwych" {Fly rCorr Str+2}
Stlth   +++.......              B - amulet of regeneration
HPRegen 1.09/turn               V - +4 ring of evasion
MPRegen 0.21/turn               Y - ring of protection from cold

@: mighty, about to teleport, flying, very slow
A: fangs 1, strong nose, distributed training
a: Renounce Religion, Bend Time, Temporal Distortion, Slouch, Step From Time


You were on level 14 of the Dungeon.
You worshipped Cheibriados.
Cheibriados was exalted by your worship.
You visited 3 branches of the dungeon, and saw 21 of its levels.

You collected 1216 gold pieces.
You spent 31 gold pieces at shops.

Inventory:

Hand Weapons
 a - a +3 dagger
 n - a +3 vampiric spear
 p - a +4 scimitar of flaming
 w - the +9 flail of Invincibility (weapon) {vorpal, Int+5}
   (You found it on level 7 of the Dungeon)

   It inflicts extra damage upon your enemies.
   Int:       It affects your intelligence (+5).
 C - a +0 demon whip of flaming
 N - the +3 rapier of Path {vamp, Dex+3}
   (You found it on level 11 of the Dungeon)

   It occasionally heals its wielder for a portion of the damage dealt when it
   wounds a living foe.
   Dex:       It affects your dexterity (+3).
Missiles
 d - 7 poisoned darts (quivered)
 e - 8 curare-tipped darts
 J - 5 atropa-tipped darts
Armour
 c - a +1 cloak (worn)
 g - the +3 pair of boots "Giwych" (worn) {Fly rCorr Str+2}
   (You acquired it on level 3 of the Dungeon)

   Str:       It affects your strength (+2).
   Fly:       It grants you flight.
   rCorr:     It protects you from acid and corrosion.
 m - a +0 helmet (worn)
 y - a +0 pair of gloves (worn)
 G - a +4 chain mail of fire resistance (worn)
 O - the +0 crystal plate armour of Abstinence {rN+ SInv}
   (You acquired it on level 1 of the Lair of Beasts)

   rN:        It protects you from negative energy.
   SInv:      It lets you see invisible.
 S - +0 acid dragon scales
Jewellery
 f - a +6 ring of intelligence
 r - a ring of willpower
 B - an amulet of regeneration (around neck)
 E - a ring of flight
 F - a ring of positive energy
 R - a ring of wizardry
 V - a +4 ring of evasion (left hand)
 Y - a ring of protection from cold (right hand)
Wands
 b - a wand of digging (5)
 l - a wand of paralysis (22)
 u - a wand of charming (1)
 x - a wand of polymorph (23)
 z - a wand of mindburst (11)
 L - a wand of flame (8)
 P - a wand of iceblast (3)
 Q - a wand of acid (4)
Scrolls
 h - 7 scrolls of enchant weapon
 i - 5 scrolls of teleportation
 o - 6 scrolls of amnesia
 t - a scroll of magic mapping
 v - 5 scrolls of identify
 M - 3 scrolls of fog
 X - a scroll of silence
 Z - a scroll of brand weapon
Potions
 j - 11 potions of curing
 k - a potion of magic
 q - 2 potions of ambrosia
 s - 3 potions of mutation
 A - 3 potions of flight
 D - 2 potions of berserk rage
 H - 2 potions of brilliance
 I - 2 potions of heal wounds
 T - a potion of cancellation
 U - 2 potions of resistance


   Skills:
 + Level 11.1 Fighting
 + Level 11.1 Short Blades
 + Level 10.2 Long Blades
 + Level 10.2 Axes
 + Level 10.2 Maces & Flails
 + Level 10.2 Polearms
 + Level 10.2 Staves
 + Level 10.2 Slings
 + Level 10.2 Bows
 + Level 10.2 Crossbows
 + Level 11.1 Throwing
 + Level 10.2 Armour
 + Level 10.5 Dodging
 + Level 12.7 Stealth
 + Level 10.2 Shields
 + Level 10.2 Unarmed Combat
 + Level 10.2 Spellcasting
 + Level 8.5 Conjurations
 + Level 8.5 Hexes
 + Level 8.5 Summonings
 + Level 8.5 Necromancy
 + Level 8.5 Translocations
 + Level 8.5 Transmutations
 + Level 8.5 Fire Magic
 + Level 8.5 Ice Magic
 + Level 8.5 Air Magic
 + Level 8.5 Earth Magic
 + Level 8.5 Poison Magic
 + Level 11.1 Invocations
 + Level 10.2 Evocations


You had 24 spell levels left.
You knew the following spells:

 Your Spells              Type           Power      Damage    Failure   Level
a - Foxfire               Conj/Fire      100%       2x1d9     1%          1
b - Conjure Flame         Conj/Fire      62%        6-21      1%          3
c - Flame Wave            Conj/Fire      62%        2d12      3%          4
d - Blink                 Tloc           100%       N/A       1%          2

Your spell library contained the following spells:

 Spells                   Type           Power      Damage    Failure   Level
 Dazzling Flash           Conj/Hex       100%       N/A       1%          3
 Inner Flame              Hex/Fire       62%        N/A       1%          3
 Lesser Beckoning         Tloc           62%        N/A       1%          3
 Tukima's Dance           Hex            62%        N/A       1%          3
 Anguish                  Hex/Necr       31%        N/A       3%          4
 Hailstorm                Conj/Ice       62%        3d13      3%          4
 Ice Form                 Ice/Tmut       62%        N/A       3%          4
 Summon Lightning Spire   Summ/Air       62%        N/A       3%          4
 Agony                    Necr           62%        N/A       11%         5
 Alistair's Intoxication  Tmut/Pois      41%        N/A       11%         5
 Borgnjor's Vile Clutch   Necr/Erth      31%        N/A       11%         5
 Manifold Assault         Tloc           62%        N/A       11%         5
 Silence                  Hex/Air        31%        N/A       11%         5
 Eringya's Noxious Bog    Tmut/Pois      31%        N/A       52%         6
 Simulacrum               Ice/Necr       31%        N/A       52%         6
 Enfeeble                 Hex            31%        N/A       97%         7
 Storm Form               Tmut/Air       31%        N/A       97%         7
 Maxwell's Capacitive Co  Air            31%        ∞         100%        8


Dungeon Overview and Level Annotations

Branches:
Dungeon (14/15)            Temple (1/1) D:4            Lair (6/6) D:10
  Swamp (0/4) Lair:4        Snake (0/4) Lair:3        Slime (0/5) Lair:5
    Orc (0/2) D:10         Vaults (0/5) D:14

Altars:
Ashenzari
Cheibriados
Dithmenos
Elyvilon
Fedhas
Gozag
Hepliaklqana
Kikubaaqudgha
Makhleb
Nemelex Xobeh
Okawaru
Qazlal
Ru
Sif Muna
Trog
Uskayaw
Vehumet
Wu Jian
Xom
Yredelemnul
Zin
The Shining One

Shops:
D:12 *   D:13 [

Annotations:
Lair:2 exclusion: 3 oklob plants


Innate Abilities, Weirdness & Mutations

You have very sharp teeth.
Your uncanny sense of smell can sniff out nearby items.
Your experience applies equally to all skills.


Message History

The vault guard barely misses you.
The vault guard hits you but does no damage.
You sock the vault guard!
The vault guard is heavily wounded.
The vault guard hits you with a +0 great sword!
The vault guard hits you with a +2 battleaxe.
The vault guard completely misses you.
The vault guard hits you with a +0 dire flail!!
* * * LOW HITPOINT WARNING * * *
As you read the scroll of teleportation, it crumbles to dust.
You feel strangely unstable.
The vault guard's soul is no longer bound.
The human simulacrum completely misses you.
The vault guard barely misses you. The vault guard misses you. x2
The necromancer points at you and mumbles some strange words.
Your body is wracked with pain!
* * * LOW HITPOINT WARNING * * *
The vault guard hits you with a +0 great sword!
* * * LOW HITPOINT WARNING * * *
You feel much better. The human simulacrum barely misses you.
The vault guard hits you but does no damage.
The vault guard closely misses you.
The vault guard hits you with a +0 dire flail.
* * * LOW HITPOINT WARNING * * *
The vault guard hits you but does no damage.
The necromancer hits you but does no damage.
The vault guard attacks as you move away!
The vault guard hits you but does no damage.
You flicker back into view.
The vault guard hits you with a +0 dire flail!!
* * * LOW HITPOINT WARNING * * *
The vault guard hits you with a +0 war axe.
* * * LOW HITPOINT WARNING * * *
The necromancer mumbles some strange words.
The necromancer binds the souls of nearby monsters.
The human simulacrum completely misses you.
The vault guard hits you with a +0 dire flail.
* * * LOW HITPOINT WARNING * * *
The vault guard hits you with a +0 war axe!
You die...

.# ####.#####.## .#
#............ .#
#.############# .#
#.#.!...#...).# .#
#.#)....'....)#
.#####.#..⌠..)†.⌠..#
.......#.....'.....#
#####..#..)..#)....#
#..##'''###p@p##
#..#.....#.p.p.#
#..'†....#..Zp.#
#..'†.⌠..#..Z..#
#..'....)#!...$#
##.#....[#}).($#∆
#.############# #..
###


You could see 4 vault guards, a necromancer and 2 human simulacra.

Vanquished Creatures
  Rupert (Lair:4)
  Kirke (Lair:5)
  Josephine (Lair:5)
  8 hydras
  Fannar (D:11)
  3 boulder beetles
  Erica (D:10)
  A catoblepas (D:13)
  A merfolk avatar (Lair:6)
  7 centaur warriors
  4 two-headed ogres
  Sonja (D:10)
  Amaemon (Lair:2)
  A sea snake (Lair:6)
  A harpy (Lair:6)
  4 wizards (D:14)
  Pikel (D:4)
  A deep elf pyromancer (D:14)
  A will-o-the-wisp (Lair:4)
  An ugly thing (D:13)
  A manticore (D:14)
  8 elephants (Lair:6)
  3 cyclopes
  An orange demon (Lair:2)
  2 black mambas (Lair:5)
  3 gargoyles (D:12)
  A torpor snail (Lair:6)
  2 unseen horrors
  7 komodo dragons
  18 cane toads
  A kobold demonologist (D:10)
  2 rime drakes (Lair:6)
  An efreet (D:14)
  2 polar bears
  4 trolls
  3 wind drakes (Lair:6)
  Grinder (D:6)
  6 hornets
  33 blink frogs
  7 dream sheep (Lair:3)
  Sigmund (D:4)
  A shadow (D:11)
  5 wyverns
  54 yaks
  3 vampires
  2 basilisks
  3 fire bats (Lair:2)
  4 wraiths (Lair:5)
  2 hogs (Lair:5)
  17 humans (D:14)
  7 vampire mosquitoes
  3 steam dragons
  3 nagas (Lair:3)
  3 acid dragons
  15 water moccasins
  An orc warrior (D:9)
  4 black bears
  2 ice beasts
  3 ogres
  42 wolves
  2 kobold brigands
  2 lemures (D:4)
  2 phantoms (D:5)
  Blork the orc (D:6)
  12 bullfrogs
  3 necrophages (Lair:3)
  A gnoll sergeant (D:9)
  4 wights (D:9)
  17 killer bees
  2 howler monkeys (D:9)
  6 electric eels
  12 orc priests
  12 hounds
  5 jellies
  Crazy Yiuf (D:2)
  3 iguanas (D:5)
  16 orc wizards
  Robin (D:4)
  7 adders
  4 gnolls (D:9)
  A shadow imp (D:7)
  A white imp (D:5)
  2 ufetubi (D:4)
  A worm (shapeshifter) (D:13)
  2 worms
  4 dart slugs
  46 orcs
  5 endoplasms
  2 giant cockroaches
  13 goblins
  8 hobgoblins
  11 kobolds
  3 quokkas
  10 ball pythons
  6 bats
  7 frilled lizards
  4 rats
561 creatures vanquished.

Vanquished Creatures (others)
  A vampire (D:10)
  2 humans (Lair:5)
  A jelly (Lair:5)
  43 foxfires
  40 fungi
  39 plants
126 creatures vanquished.

Grand Total: 687 creatures vanquished

Notes
Turn   | Place    | Note
-------+----------+-------------------------------------------
     0 | D:1      | epen the Gnoll Brigand began the quest for the Orb.
     0 | D:1      | Reached XP level 1. HP: 20/20 MP: 1/1
   100 | D:1      | Reached XP level 2. HP: 12/26 MP: 2/2
   693 | D:1      | Reached XP level 3. HP: 31/31 MP: 3/3
   895 | D:2      | Reached skill level 1 in Invocations
  1056 | D:2      | Learned a level 1 spell: Foxfire
  1400 | D:2      | Found an iron altar of Okawaru.
  1547 | D:2      | Found a runed translucent door.
  1548 | D:2      | Noticed Crazy Yiuf
  1636 | D:2      | Reached skill level 1 in Long Blades
  1636 | D:2      | Reached skill level 1 in Axes
  1636 | D:2      | Reached skill level 1 in Maces & Flails
  1636 | D:2      | Reached skill level 1 in Polearms
  1636 | D:2      | Reached skill level 1 in Staves
  1636 | D:2      | Reached skill level 1 in Slings
  1636 | D:2      | Reached skill level 1 in Bows
  1636 | D:2      | Reached skill level 1 in Crossbows
  1636 | D:2      | Reached skill level 1 in Armour
  1636 | D:2      | Reached skill level 1 in Shields
  1636 | D:2      | Reached skill level 1 in Unarmed Combat
  1636 | D:2      | Reached skill level 1 in Spellcasting
  1636 | D:2      | Reached skill level 1 in Evocations
  1636 | D:2      | Reached XP level 4. HP: 38/38 MP: 5/5
  1805 | D:2      | Killed Crazy Yiuf
  2138 | D:3      | Reached skill level 1 in Conjurations
  2138 | D:3      | Reached skill level 1 in Hexes
  2138 | D:3      | Reached skill level 1 in Summonings
  2138 | D:3      | Reached skill level 1 in Necromancy
  2138 | D:3      | Reached skill level 1 in Translocations
  2138 | D:3      | Reached skill level 1 in Transmutations
  2138 | D:3      | Reached skill level 1 in Fire Magic
  2138 | D:3      | Reached skill level 1 in Ice Magic
  2138 | D:3      | Reached skill level 1 in Air Magic
  2138 | D:3      | Reached skill level 1 in Earth Magic
  2138 | D:3      | Reached skill level 1 in Poison Magic
  2138 | D:3      | Reached skill level 5 in Dodging
  2138 | D:3      | Reached skill level 8 in Stealth
  2138 | D:3      | Reached XP level 5. HP: 9/46 MP: 1/11
  2448 | D:3      | Learned a level 3 spell: Conjure Flame
  2854 | D:3      | Reached XP level 6. HP: 34/52 MP: 12/12
  3233 | D:3      | Identified a scroll of acquirement
  3233 | D:3      | Acquired the +3 pair of boots "Giwych" {Fly rCorr Str+2}
  3319 | D:4      | Noticed Robin
  3366 | D:4      | Killed Robin
  3478 | D:4      | Reached skill level 9 in Stealth
  3571 | D:4      | Noticed Pikel
  3689 | D:4      | Killed Pikel
  3690 | D:4      | Reached skill level 5 in Invocations
  3690 | D:4      | Reached XP level 7. HP: 34/59 MP: 13/13
  3690 | D:4      | Reached XP level 8. HP: 37/65 MP: 14/14
  3976 | D:4      | Found a staircase to the Ecumenical Temple.
  3982 | Temple   | Entered the Ecumenical Temple
  4589 | Temple   | Became a worshipper of Cheibriados the Contemplative
  4900 | D:4      | Noticed Sigmund
  4914 | D:4      | Killed Sigmund
  5267 | D:4      | Reached * piety under Cheibriados
  5510 | D:5      | Entered Level 5 of the Dungeon
  5516 | D:5      | Noticed a hornet
  5529 | D:5      | Killed a hornet
  5530 | D:5      | Reached skill level 5 in Long Blades
  5530 | D:5      | Reached skill level 5 in Axes
  5530 | D:5      | Reached skill level 5 in Maces & Flails
  5530 | D:5      | Reached skill level 5 in Polearms
  5530 | D:5      | Reached skill level 5 in Staves
  5530 | D:5      | Reached skill level 5 in Slings
  5530 | D:5      | Reached skill level 5 in Bows
  5530 | D:5      | Reached skill level 5 in Crossbows
  5530 | D:5      | Reached skill level 5 in Armour
  5530 | D:5      | Reached skill level 5 in Shields
  5530 | D:5      | Reached skill level 5 in Unarmed Combat
  5530 | D:5      | Reached skill level 5 in Spellcasting
  5530 | D:5      | Reached skill level 5 in Evocations
  5754 | D:5      | Reached XP level 9. HP: 64/71 MP: 16/16
  6488 | D:6      | Noticed Blork the orc
  6506 | D:6      | Killed Blork the orc
  6609 | D:6      | Reached ** piety under Cheibriados
  7026 | D:6      | Noticed Grinder
  7051 | D:6      | Killed Grinder
  7192 | D:6      | Found a blossoming altar of Fedhas.
  7718 | D:7      | Identified the +9 flail of Invincibility {vorpal, Int+5}
  7792 | D:7      | Reached *** piety under Cheibriados
  8133 | D:8      | Reached XP level 10. HP: 79/79 MP: 18/18
  8478 | D:8      | Identified the +1 ring mail of Broken Taboos {Rampage
                  | rCorr}
  8848 | D:9      | Reached **** piety under Cheibriados
  8857 | D:9      | Noticed a two-headed ogre
  9551 | D:9      | Reached skill level 5 in Conjurations
  9551 | D:9      | Reached skill level 5 in Hexes
  9551 | D:9      | Reached skill level 5 in Summonings
  9551 | D:9      | Reached skill level 5 in Necromancy
  9551 | D:9      | Reached skill level 5 in Translocations
  9551 | D:9      | Reached skill level 5 in Transmutations
  9551 | D:9      | Reached skill level 5 in Fire Magic
  9551 | D:9      | Reached skill level 5 in Ice Magic
  9551 | D:9      | Reached skill level 5 in Air Magic
  9551 | D:9      | Reached skill level 5 in Earth Magic
  9551 | D:9      | Reached skill level 5 in Poison Magic
  9551 | D:9      | Killed a two-headed ogre
  9552 | D:9      | Reached skill level 10 in Stealth
  9566 | D:9      | Reached XP level 11. HP: 44/86 MP: 20/20
  9946 | D:9      | Reached ***** piety under Cheibriados
 10114 | D:10     | Entered Level 10 of the Dungeon
 10265 | D:10     | Noticed Erica
 10288 | D:10     | HP: 2/86 [something (10)]
 10292 | D:10     | Killed Erica
 10976 | D:10     | Noticed Sonja
 10980 | D:10     | Killed Sonja
 11116 | D:10     | Found a staircase to the Lair.
 11361 | D:10     | Found a staircase to the Orcish Mines.
 11954 | D:11     | Noticed a cyclops
 11971 | D:11     | Killed a cyclops
 12119 | D:11     | Noticed a boulder beetle
 12129 | D:11     | Killed a boulder beetle
 12310 | D:11     | Noticed Fannar
 12351 | D:11     | Killed Fannar
 12755 | D:11     | Noticed a boulder beetle
 12755 | D:11     | Noticed a six-headed hydra
 12808 | D:11     | Reached XP level 12. HP: 94/94 MP: 22/22
 12830 | D:11     | Identified the +3 rapier of Path {vamp, Dex+3}
 12854 | D:11     | Killed a six-headed hydra
 13256 | D:11     | Killed a boulder beetle
 13580 | D:12     | Noticed a two-headed ogre
 13594 | D:12     | Killed a two-headed ogre
 13714 | D:12     | Found Atha's Assorted Antiques.
 13729 | D:12     | Bought a fizzy black potion for 31 gold pieces
 13945 | D:12     | HP: 4/94 [something (6)]
 14001 | Lair:1   | Entered Level 1 of the Lair of Beasts
 14809 | Lair:1   | Noticed an eight-headed hydra
 14818 | Lair:1   | Killed an eight-headed hydra
 14918 | Lair:1   | Reached skill level 11 in Stealth
 15016 | Lair:1   | Acquired the +0 crystal plate armour of Abstinence {rN+
                  | SInv}
 15552 | Lair:2   | Noticed a five-headed hydra
 15936 | Lair:2   | HP: 4/95 [cane toad (12)]
 16402 | Lair:2   | Reached XP level 13. HP: 95/101 MP: 25/25
 17011 | Lair:2   | Reached ****** piety under Cheibriados
 17376 | Lair:2   | Noticed Amaemon
 17388 | Lair:2   | Killed Amaemon
 17933 | Lair:3   | Found a staircase to the Snake Pit.
 19255 | Lair:3   | Learned a level 4 spell: Flame Wave
 19304 | Lair:4   | Noticed Rupert
 19333 | Lair:4   | Killed Rupert
 19814 | Lair:4   | Found a staircase to the Swamp.
 19827 | Lair:4   | Reached skill level 10 in Fighting
 19827 | Lair:4   | Reached skill level 10 in Short Blades
 19827 | Lair:4   | Reached skill level 10 in Throwing
 20748 | Lair:5   | Noticed Kirke
 20754 | Lair:5   | Reached XP level 14. HP: 109/110 MP: 26/26
 20760 | Lair:5   | Killed Kirke
 21041 | Lair:5   | Noticed Josephine
 21052 | Lair:5   | Killed Josephine
 21138 | Lair:5   | Found a staircase to the Slime Pits.
 21511 | Lair:6   | Entered Level 6 of the Lair of Beasts
 21555 | Lair:6   | Reached skill level 10 in Invocations
 21702 | Lair:6   | Reached skill level 12 in Stealth
 22206 | Lair:6   | Learned a level 2 spell: Blink
 22211 | Lair:6   | Identified the +2 trident of Juchifi {vorpal, Drain Fragile
                  | Int+6 Stlth+}
 22217 | Lair:6   | Identified the amulet "Bionlaw" {RegenMP Harm}
 22534 | Lair:6   | Reached skill level 10 in Dodging
 23052 | D:10     | Upgraded the game from 0.29-a0-286-g41199d4a87 to
                  | 0.29-a0-289-g2178c42546
 23515 | D:12     | Reached XP level 15. HP: 100/117 MP: 28/28
 24081 | D:13     | Found Sohe's Armour Shop.
 24241 | D:13     | Reached skill level 10 in Long Blades
 24241 | D:13     | Reached skill level 10 in Axes
 24241 | D:13     | Reached skill level 10 in Maces & Flails
 24241 | D:13     | Reached skill level 10 in Polearms
 24241 | D:13     | Reached skill level 10 in Staves
 24241 | D:13     | Reached skill level 10 in Slings
 24241 | D:13     | Reached skill level 10 in Bows
 24241 | D:13     | Reached skill level 10 in Crossbows
 24241 | D:13     | Reached skill level 10 in Armour
 24241 | D:13     | Reached skill level 10 in Shields
 24241 | D:13     | Reached skill level 10 in Unarmed Combat
 24241 | D:13     | Reached skill level 10 in Spellcasting
 24241 | D:13     | Reached skill level 10 in Evocations
 24901 | D:14     | Found a gate to the Vaults.
 24920 | D:14     | HP: 5/118 [vault guard/+0 great sword (13)]
 24922 | D:14     | Slain by a vault guard

Illustrated notes

Levels and vault maps discovered:
D:1:      wander_arrival_peaceful_grave, layout_loops_ring
D:2:      layout_basic, basic_altar, uniq_crazy_yiuf_cottage
D:3:      layout_loops_ring
D:4:      wad_lake_hut, layout_basic, minmay_temple_entry_fiery,
          item_on_display_a, uniq_robin, uniq_pikel, uniq_sigmund
D:5:      layout_loops_cross
D:6:      layout_cave_pools, old_standard_altar, uniq_grinder,
          uniq_blork_the_orc
D:7:      layout_basic, chequers_decorated_corner
D:8:      layout_loops_ring
D:9:      nicolae_BIG_FREAKIN_CUBE, layout_gridville
D:10:     layout_loops_ring, erik_lair_island, kennysheep_generic_room_5,
          uniq_sonja, uniq_erica
D:11:     layout_roguey, kennysheep_generic_room_16, uniq_fannar
D:12:     layout_long_grid, serial_shops, nicolae_shop_waterfront,
          dreamdust_wasp_nest
D:13:     layout_irregular_city, serial_shops, nicolae_shop_hallway_plus
D:14:     layout_loops_ring, grunt_vaults_entry_tiered,
          nicolae_elevator_lobby_plus
Temple:   nicolae_temple_the_god_donut
Lair:1:   layout_loops_ring
Lair:2:   dpeg_oklob_gauntlet, layout_cave_pods, nicolae_volcano_entry_batcave,
          grunt_megastairs_3, lemuel_fruit_tree, uniq_amaemon
Lair:3:   layout_regular_city, guppyfry_snake_entry_island, roderic_carrion_pond
Lair:4:   layout_regular_city, minmay_swamp_entry_wisps, uniq_rupert
Lair:5:   layout_gridlike, nicolae_slime_entry_slimehenge, uniq_josephine,
          uniq_kirke
Lair:6:   gammafunk_lair_ancient_temple, layout_regular_city

Skill      XL: |  1  2  3  4  5  6  7  8  9 10 11 12 13 14 15 |
---------------+----------------------------------------------+-----
Invocations    | 1 4 5 6 7 8 9 10 11 | 11.1
Long Blades    | 1 4 5 6 7 8 9 10 | 10.2
Axes           | 1 4 5 6 7 8 9 10 | 10.2
Maces & Flails | 1 4 5 6 7 8 9 10 | 10.2
Polearms       | 1 4 5 6 7 8 9 10 | 10.2
Staves         | 1 4 5 6 7 8 9 10 | 10.2
Slings         | 1 4 5 6 7 8 9 10 | 10.2
Bows           | 1 4 5 6 7 8 9 10 | 10.2
Crossbows      | 1 4 5 6 7 8 9 10 | 10.2
Armour         | 1 4 5 6 7 8 9 10 | 10.2
Shields        | 1 4 5 6 7 8 9 10 | 10.2
Unarmed Combat | 1 4 5 6 7 8 9 10 | 10.2
Spellcasting   | 1 4 5 6 7 8 9 10 | 10.2
Evocations     | 1 4 5 6 7 8 9 10 | 10.2
Conjurations   | 3 4 5 6 7 8 |  8.5
Hexes          | 3 4 5 6 7 8 |  8.5
Summonings     | 3 4 5 6 7 8 |  8.5
Necromancy     | 3 4 5 6 7 8 |  8.5
Translocations | 3 4 5 6 7 8 |  8.5
Transmutations | 3 4 5 6 7 8 |  8.5
Fire Magic     | 3 4 5 6 7 8 |  8.5
Ice Magic      | 3 4 5 6 7 8 |  8.5
Air Magic      | 3 4 5 6 7 8 |  8.5
Earth Magic    | 3 4 5 6 7 8 |  8.5
Poison Magic   | 3 4 5 6 7 8 |  8.5
Fighting       | 6 7 8 9 10 11 | 11.1
Short Blades   | 6 7 8 9 10 11 | 11.1
Throwing       | 6 7 8 9 10 11 | 11.1
Dodging        | 5 6 7 8 9 10 | 10.5
Stealth        | 8 9 10 11 12 | 12.7

Action                   |  1- 3 |  4- 6 |  7- 9 | 10-12 | 13-15 || total
-------------------------+-------+-------+-------+-------+-------++-------
Melee: Dagger            |    61 |    94 |       |       |       ||   155
       Bite              |     4 |    20 |    47 |    57 |   155 ||   283
       Spear             |       |    51 |   338 |       |       ||   389
       Unarmed           |       |     8 |       |       |       ||     8
       Punch             |       |     4 |     7 |    27 |    76 ||   114
       Flail             |       |       |    17 |   499 |   934 ||  1450
Throw: Dart              |     8 |    15 |    26 |    60 |    27 ||   136
       Throwing net      |       |       |       |       |     2 ||     2
 Cast: Foxfire           |       |    16 |     9 |     2 |       ||    27
       Conjure Flame     |       |     4 |       |       |       ||     4
Invok: Slouch            |       |       |       |     2 |     1 ||     3
       Step From Time    |       |       |       |     1 |       ||     1
       Bend Time         |       |       |       |     1 |       ||     1
       Temporal Distorti |       |       |       |     1 |       ||     1
Evoke: Wand              |       |       |       |    14 |    17 ||    31
  Use: Potion            |       |     4 |       |     4 |     3 ||    11
       Scroll            |       |     9 |     7 |    13 |     7 ||    36
 Stab: Sleeping          |    29 |     3 |    18 |     8 |    16 ||    74
       Distracted        |       |       |     3 |     4 |     6 ||    13
       Held in net/web   |       |       |       |       |     7 ||     7
       Paralysed         |       |       |       |       |     1 ||     1
       Invisible         |       |       |       |       |     2 ||     2
Armor: Robe              |     7 |    26 |    90 |    73 |       ||   196
       Skin              |       |    15 |       |       |       ||    15
       Acid dragon scale |       |       |       |    99 |   105 ||   204
       Crystal plate arm |       |       |       |    17 |       ||    17
       Chain mail        |       |       |       |       |   482 ||   482
Dodge: Dodged            |    29 |    91 |   206 |   593 |  1381 ||  2300

Table legend: (Time is in decaauts)
 A = Elapsed time spent in this place.
 B = Non-inter-level travel time spent in this place.
 C = Inter-level travel time spent in this place.
 D = Time resting spent in this place.
 E = Time spent auto-exploring this place.
 F = Levels seen in this place.
 G = Mean time per level.
                   A        B        C        D        E       F      G
               +--------+--------+--------+--------+--------+-----+--------+
         Total |  32963 |  31871 |   1092 |   4603 |  21401 |  21 | 1569.7 |
       Dungeon |  19577 |  19017 |    560 |   3155 |  12307 |  14 | 1398.4 |
        Temple |    618 |    608 |     10 |      0 |    540 |   1 |  618.0 |
          Lair |  12766 |  12244 |    522 |   1448 |   8553 |   6 | 2127.7 |
               +--------+--------+--------+--------+--------+-----+--------+

Top non-repeatable levels by time:
  Lair:2: 2845 daAuts
    D:10: 2787 daAuts
    D:11: 2271 daAuts
  Lair:3: 2200 daAuts
  Lair:6: 2120 daAuts
  Lair:1: 1927 daAuts
  Lair:5: 1841 daAuts
  Lair:4: 1832 daAuts
     D:4: 1786 daAuts
     D:9: 1749 daAuts
    D:12: 1626 daAuts
    D:13: 1388 daAuts
     D:3: 1259 daAuts
     D:2: 1142 daAuts
     D:5: 1139 daAuts
